 Dungeon Crawl Stone Soup version 0.32-a0-986-ga09f62fbf4 (webtiles) character file.

Game seed: 2858768529266338931

11280 Valrug the Grappler (level 11, -2/109 HPs)
             Began as a Troll Fighter on Apr 22, 2024.
             Was a Priest of Wu Jian.
             Slain by a centaur warrior simulacrum (3 damage)
             ... on level 11 of the Dungeon.
             The game lasted 00:15:01 (10504 turns).

Valrug the Grappler (Troll Fighter)                Turns: 10504, Time: 00:15:02

Health: -2/109     AC:  4    Str: 26    XL:     11   Next: 47%
Magic:  10/10      EV: 10    Int:  4    God:    Wu Jian [***...]
Gold:   442        SH: 10    Dex: 13    Spells: 10/10 levels left

rFire   . .          .
                       - Unarmed
rCold   . . .        b - +0 kite shield
rNeg    . . .        a - +0 robe
rPois   .            (helmet restricted)
rElec   .            (no cloak)
rCorr   .            (gloves unavailable)
SInv    +            (boots unavailable)
Will    +....        e - amulet of the acrobat
Stlth   +            u - ring of willpower
HPRegen 1.18/turn    E - ring of see invisible
MPRegen 0.12/turn

%: acrobat
@: no status effects
A: large, unfitting armour, claws 3, regeneration 1, shaggy fur 1, tough skin 1
a: Renounce Religion, Wall Jump, Serpent's Lash


You were on level 11 of the Dungeon.
You worshipped Wu Jian.
Wu Jian was most pleased with you.
You visited 2 branches of the dungeon, and saw 12 of its levels.
You also visited: Gauntlet.

You collected 532 gold pieces.
You spent 90 gold pieces at shops.

Inventory:

Hand Weapons
 k - a +0 whip
 z - a +0 short sword
Missiles
 d - 86 stones (quivered)
 f - 22 poisoned darts
 g - 8 boomerangs
 C - a throwing net
Armour
 a - a +0 robe (worn)
 b - a +0 kite shield (worn)
Jewellery
 e - an amulet of the acrobat (around neck)
 r - a ring of magical power
 u - a ring of willpower (left claw)
 E - a ring of see invisible (right claw)
 N - an amulet of magic regeneration
 Q - a +4 ring of slaying
Wands
 n - a wand of warping (17)
 s - a wand of charming (18)
 x - a wand of light (32)
 y - a wand of digging (5)
 G - a wand of polymorph (11)
 J - a wand of flame (10)
 P - a wand of mindburst (6)
Scrolls
 i - 4 scrolls of teleportation
 o - a scroll of summoning
 p - a scroll of vulnerability
 v - a scroll of brand weapon
 B - 2 scrolls of poison
 F - a scroll of enchant weapon
 H - 4 scrolls of identify
 K - a scroll of enchant armour {unknown}
 L - a scroll of silence
 M - a scroll of immolation
 R - a scroll of amnesia {unknown}
Potions
 c - 2 potions of might
 h - 2 potions of magic
 j - 3 potions of attraction
 l - 3 potions of resistance
 m - 2 potions of enlightenment
 q - 5 potions of mutation
 t - 3 potions of haste
 w - 2 potions of berserk rage {unknown}
 A - a potion of lignification {unknown}
 D - 3 potions of heal wounds {unknown}
 I - a potion of brilliance {unknown}
 O - a potion of degeneration {unknown}


   Skills:
 + Level 7.3 Fighting
 + Level 7.4 Dodging
 + Level 8.0 Shields
 * Level 11.8 Unarmed Combat


You had 10 spell levels left.
You didn't know any spells.
Your spell library contained the following spells:

 Spells                   Type           Power      Damage    Failure   Level
 Summon Small Mammal      Summ           0%         N/A       71%         1
 Blink                    Tloc           0%         N/A       83%         2
 Cigotuvi's Dreadful Rot  Necr/Alch/Air  0%         N/A       83%         2
 Lesser Beckoning         Tloc           0%         N/A       83%         2
 Momentum Strike          Conj/Tloc      0%         3d8       83%         2
 Call Canine Familiar     Summ           0%         N/A       97%         3
 Inner Flame              Hex/Fire       0%         N/A       97%         3
 Sigil of Binding         Hex            0%         N/A       97%         3
 Swiftness                Air            0%         N/A       97%         3
 Brom's Barrelling Bould  Conj/Erth      0%         2d3       100%        4
 Dimensional Bullseye     Hex/Tloc       0%         N/A       100%        4
 Dispel Undead            Necr           0%         3d6       100%        4
 Flame Wave               Conj/Fire      0%         2d4       100%        4
 Leda's Liquefaction      Alch/Erth      0%         N/A       100%        4
 Martyr's Knell           Necr/Summ      0%         N/A       100%        4
 Petrify                  Alch/Erth      0%         N/A       100%        4
 Sticky Flame             Fire/Alch      0%         2d4       100%        4
 Summon Blazeheart Golem  Fire/Summ      0%         N/A       100%        4
 Iskenderun's Battlesphe  Conj           0%         2d6       100%        5
 Metabolic Englaciation   Hex/Ice        0%         N/A       100%        5


Dungeon Overview and Level Annotations

Branches:
Dungeon (11/15) Zot: 26523  Temple (1/1) D:7 Zot: 5989    Lair (0/5) D:8
    Orc (0/2) D:9         Gauntlet (visited)

Altars:
Ashenzari
Cheibriados
Dithmenos
Elyvilon
Fedhas
Gozag
Hepliaklqana
Kikubaaqudgha
Makhleb
Nemelex Xobeh
Okawaru
Qazlal
Ru
Sif Muna
Trog
Uskayaw
Vehumet
Wu Jian
Xom
Yredelemnul
Zin
The Shining One

Shops:
D:5 ?

Annotations:
D:7 1 runed translucent door, 1 exclusion, Biggs's ghost, novice OpFi


Innate Abilities, Weirdness & Mutations

You are too large for most types of armour.
You have claws for hands.
Your natural rate of healing is unusually fast.
You are covered in fur. (AC +1)
You have tough skin. (AC +1)


Message History

The death scarab's many legs skitter faintly.
Found 2 potions of resistance and a glowing battleaxe.
Partly explored, unvisited transporter.
Partly explored, unvisited transporter.
Partly explored, unvisited transporter.
Partly explored, unvisited transporter.
Partly explored, unvisited transporter.
Search for what [Enter for "temp", or ? for help]? rox Can't find anything matching that.
Search for what [Enter for "rox", or ? for help]? .
The arcanist shouts!
The shadow imp shouts!
The white imp shouts!
The occultist wildly gestures.
You feel disoriented.
The white imp shouts, "Scamper home, thou artless fool-born scut!"
There is a gate leading back out of this place here.
The white imp disappears for a moment.
Welcome back to the Dungeon!
The centaur warrior simulacrum closely misses you.
The centaur warrior simulacrum kicks you.
The centaur warrior simulacrum freezes you!!
There is an empty arch of ancient stone here.
You mangle the centaur warrior simulacrum!!
The centaur warrior simulacrum is severely damaged.
The centaur warrior simulacrum barely misses you.
You block the centaur warrior simulacrum's attack.
The centaur warrior simulacrum hits you.
The centaur warrior simulacrum freezes you!!
The centaur warrior simulacrum kicks you.
* * * LOW HITPOINT WARNING * * *
The centaur warrior simulacrum freezes you!!
* * * LOW HITPOINT WARNING * * *
You scratch the centaur warrior simulacrum but do no damage.
The centaur warrior simulacrum is severely damaged.
The centaur warrior simulacrum hits you.
* * * LOW HITPOINT WARNING * * *
The centaur warrior simulacrum freezes you!!
* * * LOW HITPOINT WARNING * * *
The centaur warrior simulacrum kicks you.
You die...

########################
........................
.....######.###Z@.......
####.# #.# ##..####..
#.# #.# #..# #.# #.#
#..# #.# #.# #..# #.#
#.# #..# #.# #.# #..#
#.# #.# #..# #.######.#


You could see a centaur warrior simulacrum.

Vanquished Creatures
  A two-headed ogre (D:9)
  Pikel (D:8)
  A deep elf pyromancer (D:11)
  Psyche (D:7)
  A hornet (D:5)
  2 shadows
  3 wyverns
  26 yaks
  3 vampire mosquitoes (D:11)
  A black bear (D:5)
  2 orc warriors
  An ice beast (D:8)
  An ogre (D:4)
  8 centaurs
  3 phantoms
  A lemure (D:8)
  2 kobold brigands (D:8)
  4 bullfrogs
  A gnoll sergeant (D:8)
  3 scorpions
  16 wights
  10 killer bees
  3 troll zombies (D:9)
  2 howler monkeys
  3 electric eels (D:9)
  2 hounds
  6 orc priests
  A bombardier beetle (D:4)
  A gnoll bouda (D:4)
  A jelly (D:4)
  2 sleepcaps
  2 iguanas
  8 orc wizards
  5 ogre zombies (D:9)
  Robin (D:2)
  13 gnolls
  10 adders
  A white imp (D:6)
  A dart slug (D:1)
  3 ribbon worms
  28 orcs
  2 bats
  11 endoplasms
  4 giant cockroaches
  7 gnoll zombies (D:9)
  17 goblins
  4 hobgoblins
  5 jackals (D:2)
  3 quokkas
  8 ball pythons
  3 frilled lizards
  5 gnoll skeletons (D:9)
  19 kobolds
  13 orc zombies (D:9)
  8 rats
294 creatures vanquished.

Notes
Turn   | Place    | Note
-------+----------+-------------------------------------------
     0 | D:1      | Valrug the Troll Fighter began the quest for the Orb.
     0 | D:1      | Reached XP level 1. HP: 22/22 MP: 0/0
   190 | D:1      | Reached XP level 2. HP: 25/29 MP: 1/1
   651 | D:2      | Found a bloodstained altar of Trog.
   672 | D:2      | Reached XP level 3. HP: 27/36 MP: 2/2
   878 | D:2      | Noticed Robin
   917 | D:2      | Reached skill level 3 in Unarmed Combat
   918 | D:2      | Killed Robin
   919 | D:2      | Reached XP level 4. HP: 23/44 MP: 3/3
  1270 | D:3      | Found a faded altar of an unknown god.
  1438 | D:3      | Found a sparkling altar of Nemelex Xobeh.
  1446 | D:3      | Found a shimmering blue altar of Sif Muna.
  1561 | D:3      | Found an opulent altar of Gozag.
  1561 | D:3      | Found a shadowy altar of Dithmenos.
  1566 | D:3      | Found a snail-covered altar of Cheibriados.
  1701 | D:3      | Found a glowing silver altar of Zin.
  1716 | D:3      | Identified the +0 ring mail of Fun and Games {*Slow Int+5}
  1732 | D:3      | Reached XP level 5. HP: 45/53 MP: 4/4
  2330 | D:4      | Reached skill level 4 in Unarmed Combat
  2374 | D:4      | Reached XP level 6. HP: 46/61 MP: 5/5
  2577 | D:4      | Found a bloodstained altar of Trog.
  2619 | D:4      | Got Teatzo's Reference Book on Battling and Feathers
  2622 | D:4      | Found a stormy altar of Qazlal.
  2716 | D:4      | Reached skill level 5 in Unarmed Combat
  2719 | D:4      | Reached XP level 7. HP: 67/67 MP: 6/6
  2894 | D:5      | Entered Level 5 of the Dungeon
  2894 | D:5      | Found an iron altar of Okawaru.
  2895 | D:5      | Found Urghumich's Magic Scroll Boutique.
  3058 | D:5      | Bought a scroll of identify for 30 gold pieces
  3058 | D:5      | Bought a scroll of identify for 30 gold pieces
  3058 | D:5      | Bought a scroll of identify for 30 gold pieces
  3085 | D:5      | Noticed a hornet
  3095 | D:5      | Paralysed by a hornet for 3 turns
  3100 | D:5      | Killed a hornet
  3247 | D:5      | Reached skill level 6 in Unarmed Combat
  3391 | D:5      | Reached XP level 8. HP: 76/78 MP: 7/7
  3406 | D:5      | Found a hazy altar of Hepliaklqana.
  3950 | D:6      | Reached skill level 5 in Shields
  3960 | D:6      | Reached skill level 7 in Unarmed Combat
  4299 | D:7      | Found a runed translucent door.
  4304 | D:7      | Noticed Biggs's ghost (novice OpFi)
  4370 | D:7      | Found a staircase to the Ecumenical Temple.
  4403 | Temple   | Entered the Ecumenical Temple
  4408 | Temple   | Became a worshipper of the Wu Jian Council
  4526 | D:7      | Identified the +2 chain mail of Abstinence {rCorr}
  4805 | D:7      | Reached skill level 5 in Dodging
  4922 | D:7      | Reached XP level 9. HP: 85/87 MP: 8/8
  4924 | D:7      | Reached skill level 5 in Fighting
  5171 | D:8      | Noticed Psyche
  5206 | D:7      | Killed Psyche
  5207 | D:7      | Reached skill level 8 in Unarmed Combat
  5435 | D:8      | Reached * piety under Wu Jian
  5817 | D:8      | Reached skill level 9 in Unarmed Combat
  5949 | D:8      | Found a staircase to the Lair.
  5962 | D:8      | Reached XP level 10. HP: 94/98 MP: 9/9
  6575 | D:8      | Found a basalt altar of Yredelemnul.
  6592 | D:8      | Noticed Pikel
  6626 | D:8      | Killed Pikel
  6803 | D:9      | Noticed a two-headed ogre
  6816 | D:9      | Killed a two-headed ogre
  6817 | D:9      | Reached skill level 10 in Unarmed Combat
  6825 | D:9      | Reached ** piety under Wu Jian
  6998 | D:9      | Found a radiant altar of Vehumet.
  7231 | D:9      | Found a staircase to the Orcish Mines.
  7293 | D:9      | Reached *** piety under Wu Jian
  7721 | D:9      | Found a hide-covered altar of Uskayaw.
  7721 | D:9      | Noticed a tengu warrior
  8338 | D:9      | Reached skill level 11 in Unarmed Combat
  8718 | D:10     | Entered Level 10 of the Dungeon
  8723 | D:10     | Reached XP level 11. HP: 107/107 MP: 10/10
  9593 | D:10     | Found a broken altar of Ashenzari.
 10003 | D:11     | Noticed a deep elf pyromancer
 10008 | D:11     | Killed a deep elf pyromancer
 10091 | D:11     | Noticed a skeletal warrior
 10325 | D:11     | Found a gate leading to a gauntlet.
 10335 | Gauntlet | Entered a Gauntlet
 10335 | Gauntlet | Found a transporter.
 10335 | Gauntlet | Found a transporter.
 10335 | Gauntlet | Found a transporter.
 10336 | Gauntlet | Noticed a death scarab
 10340 | Gauntlet | Found a transporter.
 10341 | Gauntlet | Found a transporter.
 10344 | Gauntlet | Found a transporter.
 10346 | Gauntlet | Noticed a fire crab
 10346 | Gauntlet | Noticed a death scarab
 10351 | Gauntlet | Found a transporter.
 10352 | Gauntlet | Found a transporter.
 10354 | Gauntlet | Found a transporter.
 10356 | Gauntlet | Found a transporter.
 10357 | Gauntlet | Noticed an occultist
 10357 | Gauntlet | Noticed an arcanist
 10364 | Gauntlet | Found a transporter.
 10366 | Gauntlet | Noticed a lightning spire
 10367 | Gauntlet | Found a transporter.
 10368 | Gauntlet | Noticed a minotaur
 10374 | Gauntlet | Noticed a lightning spire
 10386 | Gauntlet | Found a runed translucent door.
 10504 | D:11     | HP: 1/109 [centaur warrior simulacrum (29)]
 10504 | D:11     | Slain by a centaur warrior simulacrum

Illustrated notes

Levels and vault maps discovered:
D:1:      scummos_arrival_gate, layout_basic, reono_crystal_passage
D:2:      layout_rooms, basic_altar, uniq_robin
D:3:      layout_basic, mainiacjoe_overflow_alcove_2, minitemple,
          serial_corexii_hall, corexii_hall_statues_s, corexii_hall_statues_l,
          shapermc_ecumenical_altar_ellora
D:4:      layout_rooms, nicolae_qazlal_general_emergency, kennysheep_little_box
D:5:      layout_cave_pools, amcnicky_altar_gilded,
          nicolae_hepliaklqana_hazy_memory, serial_shops, shop
D:6:      layout_loops_ring
D:7:      layout_basic, minmay_temple_entry_slanted, gammafunk_ghost_grave
D:8:      layout_rooms, kennysheep_mini_moat, lair_entry_dummy, uniq_pikel,
          uniq_psyche
D:9:      layout_basic, nicolae_uskayaw_dance_hall, mainiacjoe_overflow_paths,
          zombieorc2_lemuel, minmay_door_square
D:10:     layout_cave_pools, evilmike_ruin_ashenzari
D:11:     layout_long_grid, gauntlet_entry_generic, lightli_corner_chamber
Temple:   hellmonk_temple_micro_hex

Skill      XL: |  1  2  3  4  5  6  7  8  9 10 11 |
---------------+----------------------------------+-----
Shields        | 3 4 5 6 7 8 |  8.0
Unarmed Combat | 3 4 5 6 7 9 11 | 11.8
Dodging        | 3 4 5 6 7 |  7.4
Fighting       | 3 4 5 6 7 |  7.3

Action                     |  1- 3 |  4- 6 |  7- 9 | 10-12 || total
---------------------------+-------+-------+-------+-------++-------
  Melee: Unarmed           |   109 |   173 |   263 |   421 ||   966
 Invoke: Serpent's Lash    |       |       |       |     4 ||     4
Ability: Lunge             |       |       |     8 |    21 ||    29
         Whirlwind         |       |       |     1 |    51 ||    52
  Evoke: Wand              |       |       |     2 |       ||     2
    Use: Scroll            |     2 |     5 |     6 |     2 ||    15
         Potion            |       |       |     1 |       ||     1
   Stab: Sleeping          |       |     2 |       |       ||     2
 Armour: Robe              |    67 |    68 |   135 |   198 ||   468
         Skin              |       |       |     8 |       ||     8
  Dodge: Dodged            |    43 |    92 |   109 |   203 ||   447
  Block: Kite shield       |    49 |    60 |   112 |   207 ||   428

Table legend: (Time is in decaauts)
 A = Elapsed time spent in this place.
 B = Non-inter-level travel time spent in this place.
 C = Inter-level travel time spent in this place.
 D = Time resting spent in this place.
 E = Time spent auto-exploring this place.
 F = Levels seen in this place.
 G = Mean time per level.
                   A        B        C        D        E       F      G
               +--------+--------+--------+--------+--------+-----+--------+
         Total |  10488 |  10091 |    397 |   1850 |   5828 |  13 |  806.8 |
       Dungeon |  10311 |   9914 |    397 |   1850 |   5730 |  11 |  937.4 |
        Temple |     10 |     10 |      0 |      0 |      0 |   1 |   10.0 |
      Gauntlet |    166 |    166 |      0 |      0 |     98 |   1 |  166.0 |
               +--------+--------+--------+--------+--------+-----+--------+

Top non-repeatable levels by time:
     D:9: 1782 daAuts
     D:7: 1741 daAuts
     D:8: 1084 daAuts
     D:3: 992 daAuts
    D:10: 928 daAuts
     D:4: 858 daAuts
     D:6: 740 daAuts
     D:1: 656 daAuts
     D:2: 566 daAuts
     D:5: 486 daAuts
    D:11: 475 daAuts
Gauntlet: 166 daAuts
  Temple: 10 daAuts
